 Dungeon Crawl Stone Soup version 0.31.0-32-g396128a36d (webtiles) character file.

Game seed: 2234166969455753805

99 cdecastro the Trooper (level 4, -6/39 HPs)
             Began as a Human Cinder Acolyte on Mar 18, 2024.
             Was a High Priest of Ignis.
             Killed by nerve-wracking pain
             ... invoked by an orc priest
              (9 damage)
             ... on level 3 of the Dungeon.
             The game lasted 00:04:09 (1927 turns).

cdecastro the Trooper (Human Cinder Acolyte)        Turns: 1927, Time: 00:04:10

Health: -6/39      AC: 12    Str: 14    XL:     4   Next: 72%
Magic:  5/5        EV: 11    Int: 23    God:    Ignis [*****.]
Gold:   120        SH:  0    Dex:  8    Spells: 5/5 levels left

rFire   + . .        a - -1 spear (flame)
rCold   . . .        (no shield)
rNeg    . . .        b - +0 robe
rPois   .            (no helmet)
rElec   .            (no cloak)
rCorr   .            (no gloves)
SInv    .            (no boots)
Will    +....        (no amulet)
Stlth   +            g - +4 ring of protection
HPRegen 0.26/turn    l - +6 ring of intelligence
MPRegen 0.09/turn

%: no passive effects
@: fiery-armoured, hasted, very quick
A: explore regen, deformed body, strong-willed 1
a: Renounce Religion, Fiery Armour, Foxfire Swarm, Rising Flame


You were on level 3 of the Dungeon.
You worshipped Ignis.
Ignis was extremely pleased with you.
You visited 1 branch of the dungeon, and saw 3 of its levels.

You collected 120 gold pieces.

Inventory:

Hand Weapons
 a - a -1 spear of flaming (weapon)
Missiles
 c - 10 poisoned darts (quivered)
Armour
 b - a +0 robe (worn)
 i - a +0 leather armour
Jewellery
 g - a +4 ring of protection (left hand)
 l - a +6 ring of intelligence (right hand)
 o - a ring of resist corrosion
Talismans
 d - a beast talisman
Scrolls
 e - a scroll of poison {unknown}
 j - a scroll of enchant armour {unknown}
 k - 2 scrolls of identify {unknown}
 n - a scroll of noise {unknown}
 p - a scroll of butterflies {unknown}
Potions
 f - 3 potions of mutation
 h - 3 potions of haste
 m - 2 potions of degeneration {unknown}


   Skills:
 * Level 5.3 Fighting
 - Level 3.0 Polearms
 - Level 1.0 Spellcasting
 - Level 3.0 Fire Magic


You had 5 spell levels left.
You didn't know any spells.
Your spell library contained the following spells:

 Spells                   Type           Power      Damage    Failure   Level
 Scorch                   Fire           28%        2d6       6%          2
 Frozen Ramparts          Ice            2%         1d1       38%         3
 Leda's Liquefaction      Alch/Erth      0%         N/A       80%         4
 Petrify                  Alch/Erth      1%         N/A       80%         4
 Metabolic Englaciation   Hex/Ice        0%         N/A       98%         5


Dungeon Overview and Level Annotations

Branches:
Dungeon (3/15)

Altars:
Ashenzari


Innate Abilities, Weirdness & Mutations

You regain HP and MP as you explore.
Armour fits poorly on your strangely shaped body.
You are strong-willed. (Will+)


Message History

The orc is severely wounded.
The orc hits you with a +0 mace. The orc barely misses you.
You closely miss the orc.
The orc is severely wounded.
The orc hits you with a +0 mace. The orc hits you with a +0 hand axe.
* * * LOW HITPOINT WARNING * * *
You barely miss the orc.
The orc is severely wounded.
The orc closely misses you. The orc hits you with a +0 mace.
* * * LOW HITPOINT WARNING * * *
You hit the orc but do no damage.
The orc is severely wounded.
You closely miss the orc.
The orc is severely wounded.
The orc barely misses you. x2
You hit the orc. You burn the orc.
You kill the orc!
The orc priest calls upon Beogh to heal the orc.
The orc's wounds heal themselves!
The orc closely misses you.
A protective cloak of flame settles atop you.
The orc priest mumbles some strange prayers to Beogh against you.
Pain shoots through your body!
* * * LOW HITPOINT WARNING * * *
The orc barely misses you.
Unknown command.
Okay, then.
Unknown command.
It was a potion of mutation.
You feel extremely strange.
Your body twists and deforms.
You feel strong-willed. The orc closely misses you.
It was a potion of haste.
You feel yourself speed up.
The orc priest hits you but does no damage.
The orc priest is burned by your cloak of flames.
The orc priest is lightly wounded.
The orc closely misses you.
You hit the orc priest. You burn the orc priest.
The orc priest is moderately wounded.
The orc priest invokes the aid of Beogh against you.
Pain shoots through your body!
You die...

........### #
#........######.
........# .##
########.#
........# ..#
#######.#
........# #.#
#.......# #.#
#.####### ## #.#
#.# .. #.####.#
#.#...##.# #
#...)@o..#
......####o..#
..###.o.o...>#
#..####.## # #.#
#.# #.# #.# ..


You could see an orc priest and an orc.

Vanquished Creatures
  3 gnolls (D:2)
  3 dart slugs
  2 ribbon worms (D:2)
  2 orcs (D:3)
  6 endoplasms
  4 giant cockroaches
  4 goblins
  3 hobgoblins
  4 quokkas
  6 ball pythons
  6 bats
  3 frilled lizards (D:1)
  2 kobolds
  6 rats
54 creatures vanquished.

Notes
Turn   | Place    | Note
-------+----------+-------------------------------------------
     0 | D:1      | cdecastro the Human Cinder Acolyte began the quest for the
                  | Orb.
     0 | D:1      | Reached XP level 1. HP: 18/18 MP: 2/2
    69 | D:1      | Reached XP level 2. HP: 15/24 MP: 3/3
   138 | D:1      | Reached skill level 4 in Fighting
   190 | D:1      | Reached XP level 3. HP: 30/30 MP: 4/4
  1250 | D:2      | Reached XP level 4. HP: 35/38 MP: 5/5
  1256 | D:2      | Reached skill level 5 in Fighting
  1790 | D:3      | Found a broken altar of Ashenzari.
  1925 | D:3      | Gained mutation: Armour fits poorly on your strangely
                  | shaped body. [potion of mutation]
  1925 | D:3      | Gained mutation: You are strong-willed. (Will+) [potion of
                  | mutation]
  1927 | D:3      | Killed from afar by an orc priest

Illustrated notes

Levels and vault maps discovered:
D:1:      lightli_arrival_boilingwater, layout_basic, kennysheep_crisscross,
          minmay_pentomino_p2
D:2:      layout_basic, minmay_misc_feat_plants
D:3:      layout_basic, mainiacjoe_overflow_large_starburst

Skill      XL: |  1  2  3  4 |
---------------+-------------+-----
Fighting       | 4 5 |  5.3
Polearms       | |  3.0
Spellcasting   | |  1.0
Fire Magic     | |  3.0

Action                     |  1- 3 |  4- 6 || total
---------------------------+-------+-------++-------
  Melee: Spear             |   111 |    48 ||   159
         Punch             |     1 |       ||     1
 Invoke: Fiery Armour      |     1 |     1 ||     2
    Use: Potion            |       |     2 ||     2
   Stab: Sleeping          |     1 |       ||     1
 Armour: Robe              |    62 |    25 ||    87
  Dodge: Dodged            |    61 |    26 ||    87
